 Dungeon Crawl Stone Soup version 0.22-a0-271-gc000056 (webtiles) character file.

7 Amnesiac the Ducker (level 1, 0/17 HPs)
             Began as a Vampire Monk on Mar 12, 2018.
             Slain by a kobold (4 damage)
             ... on level 2 of the Dungeon.
             The game lasted 00:01:40 (546 turns).

Amnesiac the Ducker (Vampire Monk)                   Turns: 546, Time: 00:01:40

Health: 0/17       AC:  2    Str: 10    XL:     1   Next: 83%
Magic:  1/1        EV: 14    Int: 12    God:
Gold:   0          SH:  0    Dex: 16    Spells: 0/0 levels left

rFire    . . .     SeeInvis +   a - +0 short sword
rCold    . . .     Gourm    .   (no shield)
rNeg     + . .     Faith    .   b - +0 robe
rPois    .         Spirit   .   (no helmet)
rElec    .         Reflect  .   (no cloak)
rCorr    .         Harm     .   (no gloves)
MR       .....                  (no boots)
Stlth    ++........             (no amulet)
HPRegen  0.05/turn              (no ring)
MPRegen  0.07/turn              (no ring)

@: no status effects
A: fangs 3, see invisible, unbreathing
a: no special abilities


You were on level 2 of the Dungeon.
You were not thirsty.

You visited 1 branch of the dungeon, and saw 3 of its levels.

Inventory:

Hand Weapons
 a - a +0 short sword (weapon)
Missiles
 d - 8 needles of sleeping
Armour
 b - a +0 robe (worn)
Potions
 c - a potion of blood {!q}
 e - 2 potions of heal wounds {!q, unknown}


   Skills:
 - Level 2.6 Fighting
 - Level 3.2 Short Blades
 + Level 3.8 Dodging
 - Level 3.0 Stealth


You couldn't memorise any spells.
You didn't know any spells.

Dungeon Overview and Level Annotations

Branches:
Dungeon (3/15)

Altars:


Innate Abilities, Weirdness & Mutations

You have razor-sharp teeth.
You have supernaturally acute eyesight. (SInv)
You can survive without breathing.


Message History

Found a stone staircase leading up.
Found 2 bubbling cyan potions and a smoky amethyst potion.
Found an escape hatch in the floor.
You see here 2 bubbling cyan potions {!q}.
e - 2 bubbling cyan potions {!q} The frilled lizard bites you.
* * * LOW HITPOINT WARNING * * *
There is a stone staircase leading up here.
The frilled lizard misses you.
You climb upwards.
There is a stone staircase leading down here.
You start resting.
HP restored.
You start resting.
HP restored.
You open the door.
There is an open door here.
You miss the frilled lizard.
The frilled lizard hisses angrily.
The frilled lizard barely misses you.
You barely miss the frilled lizard. The frilled lizard closely misses you.
You closely miss the frilled lizard. The frilled lizard bites you.
You miss the frilled lizard.
The frilled lizard bites you but does no damage.
You hit the frilled lizard.
You kill the frilled lizard!
No target in view!
The giant cockroach bites you.
You closely miss the giant cockroach. The giant cockroach bites you.
You hit the giant cockroach but do no damage.
The giant cockroach bites you but does no damage.
You closely miss the giant cockroach. The giant cockroach misses you.
You barely miss the giant cockroach. You bite the giant cockroach.
The giant cockroach is moderately wounded.
The giant cockroach bites you but does no damage.
You hit the giant cockroach.
The giant cockroach is heavily wounded.
The giant cockroach bites you but does no damage.
You hit the giant cockroach.
You kill the giant cockroach!
No target in view!
There is an open door here.
There is a stone staircase leading down here.
You start resting.
HP restored.
You start resting.
HP restored.
Unknown command.
You climb downwards.
The kobold closely misses you. The goblin misses you.
The orc closely misses you. The kobold hits you.
There is a stone staircase leading up here.
The goblin hits you but does no damage. The orc hits you with a falchion!
* * * LOW HITPOINT WARNING * * *
The kobold closely misses you.
You climb upwards.
There is a stone staircase leading down here.
You hit the kobold.
The kobold is severely wounded.
The kobold hits you.
* * * LOW HITPOINT WARNING * * *
Unknown command.
Unknown command.
The kobold hits you.
You die...

######### #....(.(#
###'#####.#
###o...####.######
#@Kg..............
###.....###.######
#.....#.#.####
#.....#.#....#
######.......†....#
#........###)#....#
#.....(..# #.#.......
#......(.# #........#
#......(.###...(....+


You could see an orc, a goblin and a kobold.

Vanquished Creatures
  A giant cockroach (D:2)
  A goblin (D:2)
  A hobgoblin (D:2)
  2 bats (D:3)
  2 frilled lizards (D:2)
7 creatures vanquished.

Notes
Turn   | Place    | Note
-------+----------+-------------------------------------------
     0 | D:1      | Amnesiac the Vampire Monk began the quest for the Orb.
     0 | D:1      | Reached XP level 1. HP: 17/17 MP: 1/1
   546 | D:2      | Slain by a kobold

Vault maps used:
D:1:      dpeg_arrival_connections, hangedman_decor_points, fountainhead,
          minmay_misc_feat_five, minmay_misc_feat_tiny, st_stairs_3
D:3:      uniq_robin

Action                   || total
-------------------------++-------
Melee: Short sword       ||    21
       Bite              ||     1
 Stab: Sleeping          ||     3
Armor: Robe              ||    19
Dodge: Dodged            ||    43

Table legend:
 A = Spawn XP
 B = Non-spawn XP
 C = Spawn XP percentage of total XP
 D = Spawn monster count
 E = Non-spawn monster count
 F = Spawn count percentage of total count
 G = Total turns spent on level
                    A         B        C        D         E        F      G
               +---------+---------+-------+---------+---------+-------+---------
         Total |       0 |      10 |   0.0 |       0 |       7 |   0.0 |   546
               +---------+---------+-------+---------+---------+-------+---------
           D:2 |       0 |       8 |   0.0 |       0 |       5 |   0.0 |   486
           D:3 |       0 |       2 |   0.0 |       0 |       2 |   0.0 |    51
               +---------+---------+-------+---------+---------+-------+---------
